 Dungeon Crawl Stone Soup version 0.26-a0-996-g6b303dbc09 (webtiles) character file.

Game seed: 3340199796082360545

366 Morbidden the Magician (level 6, -4/44 HPs)
             Began as a Demonspawn Hedge Wizard on Dec 6, 2020.
             Was a Follower of Sif Muna.
             Shot with an arrow by a centaur (5 damage)
             ... on level 5 of the Dungeon.
             The game lasted 00:07:17 (5710 turns).

Morbidden the Magician (Demonspawn Hedge Wizard)    Turns: 5710, Time: 00:07:17

Health: -4/44      AC:  9    Str: 11    XL:     6   Next: 40%
Magic:  3/13       EV: 12    Int: 23    God:    Sif Muna [*.....]
Gold:   178        SH:  0    Dex: 12    Spells: 8/14 levels left

rFire    . . .     SeeInvis .   a - +0 dagger
rCold    . . .     Faith    .   (no shield)
rNeg     + . .     Spirit   .   b - +0 robe
rPois    .         Reflect  .   g - +1 helmet
rElec    .         Harm     .   k - +0 cloak
rCorr    +         Rampage  .   (no gloves)
MR       .....                  (no boots)
Stlth    ++........             (no amulet)
HPRegen  0.14/turn              d - +6 ring of intelligence
MPRegen  0.13/turn              p - ring of positive energy

@: very slightly contaminated
A: hooves 1, yellow scales 3
a: Channel Magic, Renounce Religion


You were on level 5 of the Dungeon.
You worshipped Sif Muna.
Sif Muna was aware of your devotion.
You visited 1 branch of the dungeon, and saw 5 of its levels.

You collected 178 gold pieces.

Inventory:

Hand Weapons
 a - a +0 dagger (weapon)
 q - the cursed +3 war axe of Mourning {freeze, *Rage +Blink MR+ SInv}
   (You found it on level 5 of the Dungeon)

   It has been specially enchanted to freeze those struck by it, causing extra
   injury to most foes and up to half again as much damage against particularly
   susceptible opponents.
   It can also slow down cold-blooded creatures.
   It affects your resistance to hostile enchantments.
   It lets you see invisible.
   It lets you blink.
   It may make you go berserk in combat.
   It has a curse placed upon it.
Missiles
 j - a throwing net
Armour
 b - a +0 robe (worn)
 g - a +1 helmet (worn)
 k - a +0 cloak (worn)
Jewellery
 d - a +6 ring of intelligence (left hand)
 p - a ring of positive energy (right hand)
Scrolls
 c - 2 scrolls of remove curse
 f - a scroll of teleportation
 l - a scroll of magic mapping
 n - a scroll of blinking {unknown}
 o - a scroll of identify
Potions
 e - 3 potions of magic {unknown}
 h - 3 potions of curing {unknown}
 i - 2 potions of heal wounds {unknown}
 m - a potion of brilliance {unknown}


   Skills:
 * Level 2.1 Fighting
 + Level 0.3 Short Blades
 + Level 2.0 Dodging
 + Level 2.3 Stealth
 * Level 4.8 Spellcasting
 * Level 3.6 Conjurations
 + Level 1.0 Summonings
 + Level 0.8 Translocations
 * Level 1.4 Invocations


You had 8 spell levels left.
You knew the following spells:

 Your Spells              Type           Power        Failure   Level
a - Magic Dart            Conj           ###.         2%          1
b - Call Imp              Summ           ##......     10%         2
z - Vampiric Draining     Necr           #.........   28%         3

Your spell library contained the following spells:

 Spells                   Type           Power        Failure   Level
 Animate Skeleton         Necr           #.....       10%         1
 Pain                     Necr           #...         10%         1
 Blink                    Tloc           N/A          11%         2
 Slow                     Hex            #.......     14%         2
 Conjure Flame            Conj/Fire      ##......     14%         3
 Mephitic Cloud           Conj/Pois/Air  ##......     19%         3
 Animate Dead             Necr           #.........   67%         4
 Agony                    Necr           #.......     95%         5


Dungeon Overview and Level Annotations

Branches:
Dungeon (5/15)
 Temple: D:4-7

Altars:
Dithmenos
Fedhas
Gozag
Kikubaaqudgha
Nemelex Xobeh
Okawaru
Qazlal
Sif Muna
Trog
Xom
The Shining One


Innate Abilities, Weirdness & Mutations

You have large cloven feet.
You are completely covered in yellow scales. (AC +4, rCorr)


Message History

The centaur shoots an arrow.
The arrow closely misses your white imp.
The arrow hits you!
* * * LOW HITPOINT WARNING * * *
The jackal closely misses you.
Your crimson imp blinks!
The jackal bites you but does no damage.
Unknown command.
The centaur shoots an arrow.
The arrow barely misses your white imp. The arrow hits you.
* * * LOW HITPOINT WARNING * * *
The jackal misses you.
The centaur shoots an arrow.
The arrow closely misses your white imp.
The arrow barely misses you.
The arrow barely misses the jackal.
You see here 3 arrows.
Unknown command.
The jackal misses you.
The centaur shoots an arrow.
The arrow barely misses your crimson imp.
The arrow hits you.
You die...

# # .# #. ##### .$# .
#<####...#####...# ...
#..((.............
.....##hh((.5c[.......
...#...@...5..<.......
. #..#.##...#####...#
#..#......# .# #.
#..#...# #. #..#...# #
........# .........
#..##


You could see a centaur, 2 jackals, a friendly crimson imp (summoned) and a
friendly white imp (summoned).

Vanquished Creatures
  A hound (D:4)
  9 adders
  2 worms (D:2)
  A dart slug (D:1)
  3 leopard geckos
  5 orcs
  13 bats
  8 giant cockroaches
  7 goblins
  10 hobgoblins
  4 jackals (D:4)
  2 quokkas
  3 ball pythons
  4 frilled lizards
  7 kobolds
  10 rats
89 creatures vanquished.

Vanquished Creatures (collateral kills)
  Sigmund (D:3)
  A scorpion (D:4)
  A hound (D:4)
3 creatures vanquished.

Grand Total: 92 creatures vanquished

Notes
Turn   | Place    | Note
-------+----------+-------------------------------------------
     0 | D:1      | Morbidden the Demonspawn Hedge Wizard began the quest for
                  | the Orb.
     0 | D:1      | Reached XP level 1. HP: 13/13 MP: 4/4
   528 | D:1      | Gained mutation: You are partially covered in yellow
                  | scales. (AC +2) [demonic ancestry]
   528 | D:1      | Reached XP level 2. HP: 19/19 MP: 0/6
  1355 | D:2      | Found a stormy altar of Qazlal.
  1355 | D:2      | Found a shimmering altar of Xom.
  1360 | D:2      | Found a blossoming altar of Fedhas.
  1371 | D:2      | Reached XP level 3. HP: 24/24 MP: 0/8
  2199 | D:2      | Gained mutation: You have large cloven feet. [demonic
                  | ancestry]
  2199 | D:2      | Reached XP level 4. HP: 16/31 MP: 0/9
  2381 | D:2      | Found a shimmering blue altar of Sif Muna.
  2392 | D:2      | Reached skill level 4 in Spellcasting
  2459 | D:2      | Became a worshipper of Sif Muna the Loreminder
  2837 | D:2      | Reached skill level 1 in Fighting
  3449 | D:3      | Gained mutation: You are mostly covered in yellow scales.
                  | (AC +3) [demonic ancestry]
  3449 | D:3      | Reached XP level 5. HP: 37/37 MP: 5/11
  3527 | D:3      | Noticed Sigmund
  3634 | D:2      | Learned a level 2 spell: Call Imp
  3837 | D:3      | Reached * piety under Sif Muna
  4270 | D:3      | Found a sparkling altar of Nemelex Xobeh.
  4272 | D:3      | Found an ancient bone altar of Kikubaaqudgha.
  4274 | D:3      | Found a glowing golden altar of the Shining One.
  4274 | D:3      | Found a shadowy altar of Dithmenos.
  4278 | D:3      | Found a bloodstained altar of Trog.
  4279 | D:3      | Found an opulent altar of Gozag.
  4348 | D:3      | Killed Sigmund
  4349 | D:3      | Reached skill level 1 in Invocations
  4723 | D:4      | Found an iron altar of Okawaru.
  4858 | D:4      | Gained mutation: You are completely covered in yellow
                  | scales. (AC +4, rCorr) [demonic ancestry]
  4858 | D:4      | Reached XP level 6. HP: 44/44 MP: 7/12
  5044 | D:4      | Learned a level 3 spell: Vampiric Draining
  5686 | D:5      | Entered Level 5 of the Dungeon
  5694 | D:5      | Got an iridescent war axe
  5695 | D:5      | Identified the cursed +3 war axe of Mourning {freeze, *Rage
                  | +Blink MR+ SInv} (You found it on level 5 of the Dungeon)
  5709 | D:5      | HP: 1/44 [centaur/arrow (5)]
  5710 | D:5      | Shot with an arrow by a centaur

Illustrated notes

Levels and vault maps discovered:
D:1:      erik_arrival_orb_chamber, layout_basic
D:2:      layout_basic, old_standard_altar, gammafunk_temple_overflow_forgotten,
          minmay_tree_intersection, kennysheep_big_empty_room,
          minmay_splitting_lines, minmay_diced_spiral
D:3:      layout_basic, minitemple, uniq_sigmund
D:4:      layout_loops_corners, lemuel_doored_altar, hex_large
D:5:      layout_loops_cross, uniq_edmund

Skill      XL: |  1  2  3  4  5  6 |
---------------+-------------------+-----
Stealth        | 2 |  2.3
Conjurations   | 2 3 |  3.6
Spellcasting   | 4 |  4.8
Fighting       | 1 2 |  2.1
Invocations    | 1 |  1.4
Dodging        | 2 |  2.0
Short Blades   | |  0.3
Summonings     | |  1.0
Translocations | |  0.8

Action                   |  1- 3 |  4- 6 || total
-------------------------+-------+-------++-------
Melee: Dagger            |    45 |    58 ||   103
       Kick              |       |    12 ||    12
 Cast: Magic Dart        |   109 |   132 ||   241
       Call Imp          |       |    11 ||    11
  Use: Scroll            |       |     5 ||     5
Armor: Robe              |    12 |    26 ||    38
Dodge: Dodged            |    40 |    80 ||   120

Table legend: (Time is in decaauts)
 A = Elapsed time spent in this place.
 B = Non-inter-level travel time spent in this place.
 C = Inter-level travel time spent in this place.
 D = Time resting spent in this place.
 E = Time spent auto-exploring this place.
 F = Levels seen in this place.
 G = Mean time per level.
                   A        B        C        D        E       F      G
               +--------+--------+--------+--------+--------+-----+--------+
         Total |   5708 |   5612 |     96 |    653 |   4242 |   5 | 1141.6 |
       Dungeon |   5708 |   5612 |     96 |    653 |   4242 |   5 | 1141.6 |
               +--------+--------+--------+--------+--------+-----+--------+

Top non-repeatable levels by time:
     D:2: 1917 daAuts
     D:1: 1540 daAuts
     D:4: 1186 daAuts
     D:3: 1039 daAuts
     D:5: 23 daAuts
